 Dungeon Sprint DCSS version 0.22-a0-373-gab1296c (webtiles) character file.

289 emperorscorpion the Zephyrmancer (level 6, -8/32 HPs)
             Began as a Deep Elf Air Elementalist on Apr 25, 2018.
             Was a Priest of Sif Muna.
             Mangled by a manticore (10 damage)
             ... in the Dungeon (Sprint IX: "|||||||||||||||||||||||||||||").
             The game lasted 00:02:57 (222 turns).

emperorscorpion the Zephyrmancer (DEAE)              Turns: 222, Time: 00:02:58

Health: -8/32      AC:  6    Str:  5    XL:     6   Next: 9%
Magic:  1/19       EV: 18    Int: 25    God:    Sif Muna [***...]
Gold:   0          SH:  0    Dex: 15    Spells: 7/22 levels left

rFire    . . .     SeeInvis .   a - +2 rapier "Ryom" {drain, Int+3}
rCold    . . .     Gourm    .   (no shield)
rNeg     . . .     Faith    .   p - +0 robe
rPois    .         Spirit   .   r - +0 helmet
rElec    .         Reflect  .   (no cloak)
rCorr    .         Harm     .   (no gloves)
MR       .....     NoTele   +   s - +0 pair of boots
Stlth    +++.......             (no amulet)
HPRegen  0.10/turn              t - +2 ring of protection
MPRegen  0.16/turn              u - +2 ring of evasion

@: no casting
A: no striking features
a: Stop Divine Energy, Channel Magic, Renounce Religion


You were in the Dungeon.
You worshipped Sif Muna.
Sif Muna was most pleased with you.
You were not hungry.

You visited 1 branch

Inventory:

Hand Weapons
 a - the +2 rapier "Ryom" (weapon) {drain, Int+3}
   (You found it in the Dungeon)

   A truly terrible weapon, it drains the life of those it strikes.
   It affects your intelligence (+3).
 j - a +0 dagger
 q - a +2 scimitar of flaming
Armour
 p - a +0 robe (worn)
 r - a +0 helmet (worn)
 s - a +0 pair of boots (worn)
Magical Staves
 b - an uncursed staff of energy
Jewellery
 t - a +2 ring of protection (left hand)
 u - a +2 ring of evasion (right hand)
Wands
 n - a wand of acid (10)
Scrolls
 i - 2 scrolls of blinking
 l - 3 scrolls of remove curse
 m - 2 scrolls of amnesia
Potions
 d - 5 potions of curing
 e - 2 potions of heal wounds
 f - a potion of haste
 g - 4 potions of magic
 h - a potion of berserk rage
 k - a potion of invisibility
Comestibles
 c - a ration
 o - 7 chunks of flesh


   Skills:
 + Level 6.0 Dodging
 + Level 4.8 Stealth
 + Level 8.7 Spellcasting
 + Level 3.8 Conjurations
 + Level 9.4 Air Magic
 * Level 0.5 Invocations


You had 7 spell levels left.
You knew the following spells:

 Your Spells              Type           Power        Failure   Level  Hunger
a - Shock                 Conj/Air       ####         1%          1    None
b - Swiftness             Chrm/Air       ####....     1%          2    None
c - Static Discharge      Conj/Air       #####...     1%          3    None
d - Lightning Bolt        Conj/Air       #####.....   11%         5    ####...
e - Airstrike             Air            ######....   1%          4    ##.....


Dungeon Overview and Level Annotations

Branches:
Dungeon (1/1)

Altars:
Cheibriados
Dithmenos
Elyvilon
Fedhas
Gozag
Hepliaklqana
Kikubaaqudgha
Makhleb
Nemelex Xobeh
Okawaru
Qazlal
Ru
Sif Muna
Trog
Uskayaw
Vehumet
Wu Jian
Xom
Yredelemnul
Zin
The Shining One
Beogh
Jiyva
Lugonu


Message History

Unknown command.
Sif Muna will now grant you divine energy when your reserves of magic are depleted.
You will briefly lose access to your magic after casting a spell in this manner.
Casting: Lightning Bolt (slightly dangerous; 11% risk of failure)
Confirm with . or Enter, or press ? or * to list all spells.
Aiming: Lightning Bolt (slightly dangerous; 11% risk of failure)
Press: ? - help, Shift-Dir - straight line, f/p - manticore
Aim: a manticore (severely wounded)
You hear a mighty clap of thunder!
The bolt of lightning misses the manticore.
The bolt of lightning hits the efreet.
The efreet is heavily wounded.
The bolt of lightning misses the death knight.
Sif Muna grants you divine energy.
You briefly lose access to your magic!
The manticore bites you!
* * * LOW HITPOINT WARNING * * *
The manticore claws you.
* * * LOW HITPOINT WARNING * * *
The manticore claws you!
You die...

▓.▓
▓.▓
▓'▓
▓)▓
▓.▓
▓)▓
▓.▓
▓.▓
▓@▓
▓H▓
▓R▓
▓p▓
▓.▓
▓.▓
▓)▓
▓.▓


You could see a death knight, a manticore and an efreet.

Vanquished Creatures
  An orc warrior (D)
  2 hounds (D)
  An orc wizard (D)
  An iguana (D)
  2 worker ants (D)
  2 adders (D)
  4 orcs (D)
  A bat (D)
  A bat skeleton (D)
  2 goblins (D)
  A hobgoblin (D)
  A kobold (D)
19 creatures vanquished.

Notes
Turn   | Place    | Note
-------+----------+-------------------------------------------
     0 | D        | emperorscorpion the Deep Elf Air Elementalist began the quest for the Orb.
     0 | D        | Reached XP level 1. HP: 10/10 MP: 6/6
     8 | D        | Reached skill level 4 in Air Magic
    66 | D        | Noticed an iguana
    69 | D        | Reached XP level 2. HP: 13/15 MP: 4/8
    71 | D        | Reached skill level 5 in Air Magic
    71 | D        | Reached XP level 3. HP: 12/19 MP: 2/11
    72 | D        | Reached skill level 5 in Spellcasting
    72 | D        | Reached skill level 6 in Air Magic
    81 | D        | Found a roughly hewn altar of Beogh.
    81 | D        | Found a snail-covered altar of Cheibriados.
    81 | D        | Found a shadowy altar of Dithmenos.
    81 | D        | Found a white marble altar of Elyvilon.
    81 | D        | Found a blossoming altar of Fedhas.
    81 | D        | Found an opulent altar of Gozag.
    82 | D        | Found a hazy altar of Hepliaklqana.
    83 | D        | Found a viscous altar of Jiyva.
    84 | D        | Found an ancient bone altar of Kikubaaqudgha.
    85 | D        | Found a corrupted altar of Lugonu.
    86 | D        | Found a burning altar of Makhleb.
    87 | D        | Found a sparkling altar of Nemelex Xobeh.
    88 | D        | Found an iron altar of Okawaru.
    89 | D        | Found a stormy altar of Qazlal.
    90 | D        | Found a sacrificial altar of Ru.
    91 | D        | Found a deep blue altar of Sif Muna.
    92 | D        | Found a bloodstained altar of Trog.
    93 | D        | Found a hide-covered altar of Uskayaw.
    94 | D        | Found a radiant altar of Vehumet.
    95 | D        | Found an ornate altar of the Wu Jian Council.
    96 | D        | Found a shimmering altar of Xom.
    97 | D        | Found a basalt altar of Yredelemnul.
    98 | D        | Found a glowing silver altar of Zin.
    99 | D        | Became a worshipper of Sif Muna the Loreminder
   100 | D        | Found a glowing golden altar of the Shining One.
   120 | D        | Got the +2 rapier "Ryom" {drain, Int+3}
   146 | D        | Learned a level 2 spell: Swiftness
   150 | D        | Learned a level 3 spell: Static Discharge
   154 | D        | Noticed an orc warrior
   158 | D        | Reached XP level 4. HP: 21/24 MP: 8/13
   159 | D        | Reached * piety under Sif Muna
   159 | D        | Reached skill level 7 in Air Magic
   161 | D        | Reached skill level 5 in Dodging
   161 | D        | Reached skill level 8 in Air Magic
   161 | D        | Reached XP level 5. HP: 22/28 MP: 5/16
   162 | D        | Reached ** piety under Sif Muna
   163 | D        | Killed an orc warrior
   163 | D        | Reached skill level 9 in Air Magic
   163 | D        | Reached XP level 6. HP: 13/32 MP: 1/19
   177 | D        | Learned a level 5 spell: Lightning Bolt
   182 | D        | Learned a level 4 spell: Airstrike
   217 | D        | Noticed a manticore
   217 | D        | Noticed an efreet
   217 | D        | Noticed a death knight
   219 | D        | Reached *** piety under Sif Muna
   222 | D        | Mangled by a manticore

Vault maps used:
D:        linesprint

Skill      XL: |  1  2  3  4  5 |
---------------+----------------+-----
Air Magic      | 4 5 6 8 9 |  9.4
Dodging        | 3 4 5 6 |  6.0
Stealth        | 3 4 |  4.8
Spellcasting   | 4 5 7 8 |  8.7
Conjurations   | 2 3 |  3.8
Invocations    | |  0.5

Action                   |  1- 3 |  4- 6 || total
-------------------------+-------+-------++-------
 Cast: Shock             |    13 |     5 ||    18
       Lightning Bolt    |       |     4 ||     4
       Static Discharge  |       |     1 ||     1
Invok: Divine Energy     |       |     1 ||     1
Evoke: Staff of energy   |       |     5 ||     5
  Use: Potion            |       |     1 ||     1
Armor: Robe              |     4 |     1 ||     5
Dodge: Dodged            |    10 |     5 ||    15

Table legend:
 A = Spawn XP
 B = Non-spawn XP
 C = Spawn XP percentage of total XP
 D = Spawn monster count
 E = Non-spawn monster count
 F = Spawn count percentage of total count
 G = Total turns spent on level
                    A         B        C        D         E        F      G
               +---------+---------+-------+---------+---------+-------+---------
         Total |       0 |     414 |   0.0 |       0 |      19 |   0.0 |   222
               +---------+---------+-------+---------+---------+-------+---------
             D |       0 |     414 |   0.0 |       0 |      19 |   0.0 |   222
               +---------+---------+-------+---------+---------+-------+---------
